 Dungeon Crawl Stone Soup version 0.26-a0-18-g135ff06667 (webtiles) character file.

Game seed: 4001503260611263994, levelgen mode: deterministic

52 Mrkan the Skirmisher (level 3, 0/24 HPs)
             Began as a Gargoyle Fighter on May 25, 2020.
             Slain by an adder (3 damage)
             ... on level 1 of the Dungeon.
             The game lasted 00:02:23 (791 turns).

Mrkan the Skirmisher (Gargoyle Fighter)              Turns: 791, Time: 00:02:24

Health: 0/24       AC: 11    Str: 20    XL:     3   Next: 85%
Magic:  3/3        EV:  7    Int:  8    God:
Gold:   110        SH:  9    Dex:  9    Spells: 2/2 levels left

rFire    . . .     SeeInvis .   a - +0 flail
rCold    . . .     Gourm    .   c - +0 kite shield
rNeg     + . .     Faith    .   b - +0 scale mail
rPois    ∞         Spirit   .   (no helmet)
rElec    +         Reflect  .   n - +0 cloak
rCorr    .         Harm     .   (no gloves)
MR       .....                  (no boots)
Stlth    ..........             (no amulet)
HPRegen  0.08/turn              (no ring)
MPRegen  0.08/turn              (no ring)

@: no status effects
A: negative energy resistance 1, electricity resistance, unbreathing,
petrification resistance, rot immunity, AC +3
a: no special abilities


You were on level 1 of the Dungeon.
You were not hungry.

You visited 1 branch of the dungeon, and saw 2 of its levels.

You collected 110 gold pieces.

Inventory:

Hand Weapons
 a - a +0 flail (weapon)
Armour
 b - a +0 scale mail (worn)
 c - a +0 kite shield (worn)
 n - a +0 cloak (worn)
Scrolls
 k - 5 scrolls of identify {unknown}
 l - a scroll of noise {unknown}
 m - a scroll of fear {unknown}
Potions
 d - a potion of might
 e - a potion of stabbing {unknown}
 g - a potion of haste {unknown}
 i - a potion of ambrosia {unknown}
 j - a potion of flight {unknown}
Comestibles
 f - 3 rations
 h - 2 chunks of flesh


   Skills:
 + Level 3.7 Fighting
 * Level 2.9 Maces & Flails
 + Level 3.7 Armour
 + Level 3.7 Shields


You had 2 spell levels left.
You didn't know any spells.
Your spell library was empty.

Dungeon Overview and Level Annotations

Branches:
Dungeon (2/15)

Altars:


Innate Abilities, Weirdness & Mutations

You are resistant to torment.
Your stone body is resilient. (AC +3)
You are immune to poison.
You resist negative energy. (rN+)
You are resistant to electric shocks. (rElec)
You can survive without breathing.
You are immune to petrification.
You are immune to rotting.


Message History

You barely miss the adder. The adder bites you but does no damage.
You block the adder's attack.
You barely miss the adder. The adder closely misses you. The adder bites you.
* * * LOW HITPOINT WARNING * * *
You closely miss the adder. You block the adder's attack.
You barely miss the adder. The adder bites you but does no damage.
The adder bites you.
* * * LOW HITPOINT WARNING * * *
There is a stone staircase leading down here.
The adder bites you but does no damage. The adder barely misses you.
There is a stone staircase leading up here.
You block the adder's attack. The adder bites you but does no damage.
You climb upwards.
There is a stone staircase leading down here.
You closely miss the adder.
The adder bites you but does no damage. x2
You barely miss the adder. The adder barely misses you.
You block the adder's attack.
You closely miss the adder. The adder bites you.
You die...

#.##.#[#.#.##.....###.#
#....#.#.#.##......##.#
....#..#.#.##.#######.#
###...##.#....# #.#
###.........### ##.#
.........##...### #..#
....#.#.#####.>.## #.##
#...#.#.# ###S.# #.#
....>...# ##@###.#
........# #...#.#
........# ###...#
.......## ##..#
.......# #####..#####
.......# #..÷.......#
.......# #..........#
.......# #..........#
######## #........).#


You could see an adder.

Vanquished Creatures
  2 gnolls (D:2)
  An adder (D:2)
  An ooze (D:1)
  A leopard gecko (D:2)
  A giant cockroach (D:1)
  5 goblins (D:1)
  3 hobgoblins (D:1)
  3 frilled lizards (D:1)
  A kobold (D:1)
  3 rats (D:1)
21 creatures vanquished.

Notes
Turn   | Place    | Note
-------+----------+-------------------------------------------
     0 | D:1      | Mrkan the Gargoyle Fighter began the quest for the Orb.
     0 | D:1      | Reached XP level 1. HP: 14/14 MP: 1/1
   115 | D:1      | Reached XP level 2. HP: 19/19 MP: 2/2
   665 | D:2      | Reached XP level 3. HP: 22/23 MP: 3/3
   791 | D:1      | Slain by an adder

Illustrated notes

Levels and vault maps discovered:
D:1:      roderic_chinese_lattice_arrival, layout_rooms
D:2:      layout_basic

Action                   || total
-------------------------++-------
Melee: Flail             ||    95
Armor: Scale mail        ||    45
Dodge: Dodged            ||    24
Block: Kite shield       ||    57

Table legend:
 A = Non-vault XP
 B = Vault XP
 C = Vault XP percentage of total XP
 D = Non-vault monster count
 E = Vault monster count
 F = Vault count percentage of total count
                 A         B        C        D         E       F
            +---------+---------+-------+---------+---------+-------
      Total |      75 |       0 |   0.0 |      21 |       0 |   0.0
            +---------+---------+-------+---------+---------+-------
        D:1 |      31 |       0 |   0.0 |      17 |       0 |   0.0
        D:2 |      44 |       0 |   0.0 |       4 |       0 |   0.0
            +---------+---------+-------+---------+---------+-------
